 Dungeon Crawl Stone Soup version 0.24.1-8-ga250c9d538 (webtiles) character file.

Game seed: 17738205940453836618, levelgen mode: deterministic

153 Gildeon the Poker (level 5, 0/61 HPs)
             Began as a Formicid Fighter on May 6, 2020.
             Slain by an orc
             ... wielding a +0 trident
              (3 damage)
             ... on level 3 of the Dungeon.
             The game lasted 00:05:46 (1725 turns).

Gildeon the Poker (Formicid Fighter)                Turns: 1725, Time: 00:05:47

Health: 0/61       AC: 22    Str: 20 (22) XL:     5   Next: 61%
Magic:  5/5        EV:  2    Int:  6 (7)  God:
Gold:   59         SH:  0    Dex:  7 (10) Spells: 4/4 levels left

rFire    . . .     SeeInvis .   a - +0 trident
rCold    . . .     Gourm    .   c - +0 shield
rNeg     + + +     Faith    .   (armour currently unavailable)
rPois    +         Spirit   .   (helmet unavailable)
rElec    .         Reflect  .   (cloak currently unavailable)
rCorr    .         Harm     .   (gloves currently unavailable)
MR       .....                  (boots currently unavailable)
Stlth    +.........             (no amulet)
HPRegen  0.20/turn              (no ring)
MPRegen  0.09/turn              (no ring)

@: confused, lethally poisoned (0 -> -8), tree-form
A: permanent stasis, dig shafts and tunnels, four strong arms
a: no special abilities


You were on level 3 of the Dungeon.
You were not hungry.
You were a tree.
You visited 1 branch of the dungeon, and saw 3 of its levels.

You collected 59 gold pieces.

Inventory:

Hand Weapons
 a - a +0 trident (weapon)
Armour
 b - a +0 scale mail (melded)
 c - a +0 shield (worn)
Wands
 m - a wand of polymorph (9)
Scrolls
 g - a scroll of teleportation {unknown}
 j - a scroll of blinking {unknown}
 k - a scroll of magic mapping {unknown}
 o - a scroll of noise {unknown}
 p - a scroll of random uselessness {unknown}
 q - a scroll of fear {unknown}
Potions
 d - a potion of might
Comestibles
 f - 2 rations
 n - 13 chunks of flesh


   Skills:
 + Level 3.3 Fighting
 + Level 5.1 Polearms
 + Level 3.4 Armour
 + Level 0.2 Dodging
 + Level 3.7 Shields


You had 4 spell levels left.
You didn't know any spells.
Your spell library was empty.

Dungeon Overview and Level Annotations

Branches:
Dungeon (3/15)

Altars:
Okawaru


Innate Abilities, Weirdness & Mutations

You cannot be hasted, slowed, berserked, paralysed or teleported.
You can dig through walls and to a lower floor.
Your four strong arms can wield two-handed weapons with a shield.
((You have a pair of large antennae on your head. (SInv)))


Message History

An adder comes into view.
It was a potion of degeneration.
There was something very wrong with that liquid.
You feel weakened.
You feel dopey.
You feel clumsy.
* * * LOW HITPOINT WARNING * * *
You feel sick.
The adder hisses angrily.
A goblin comes into view. It is wielding a -1 club.
The orc hits you but does no damage.
The orc wizard hits you but does no damage.
You cannot move. (Use ctrl+direction or * direction to attack without moving.)
You cannot move. (Use ctrl+direction or * direction to attack without moving.)
You cannot move. (Use ctrl+direction or * direction to attack without moving.)
You cannot move. (Use ctrl+direction or * direction to attack without moving.)
You miss the orc wizard.
* * * LOW HITPOINT WARNING * * *
You feel sick.
The goblin shouts!
You hear an angry hiss.
The orc hits you from afar with a +0 trident.
You die...

.#.(.# ###.! ....#
#..<.. ..... .....
#.#.##....
#.#.#..# #.#).<#
..# ##.o...#
#....#o)###..|....
#...♣# .######
....#....# .#
....?........
#.#.....#....
#............>.
#...S..#.....!.
..g.... . ####.
....... ..


You could see an orc wizard, an adder, an orc and a goblin.

Vanquished Creatures
  An orc priest (D:3)
  An orc wizard (D:3)
  2 adders (D:2)
  A dart slug (D:1)
  4 orcs
  2 ball pythons
  4 giant cockroaches
  7 goblins
  8 hobgoblins
  9 jackals
  9 kobolds
  2 quokkas
  7 bats
  5 frilled lizards
  8 rats
70 creatures vanquished.

Notes
Turn   | Place    | Note
-------+----------+-------------------------------------------
     0 | D:1      | Gildeon the Formicid Fighter began the quest for the Orb.
     0 | D:1      | Reached XP level 1. HP: 18/18 MP: 1/1
   105 | D:1      | Reached XP level 2. HP: 24/24 MP: 2/2
   247 | D:1      | Reached skill level 3 in Polearms
   435 | D:1      | Reached XP level 3. HP: 29/29 MP: 3/3
  1049 | D:2      | Reached skill level 4 in Polearms
  1049 | D:2      | Reached XP level 4. HP: 23/35 MP: 4/4
  1460 | D:2      | Found an iron altar of Okawaru.
  1703 | D:3      | Reached skill level 5 in Polearms
  1703 | D:3      | Reached XP level 5. HP: 31/41 MP: 5/5
  1717 | D:3      | HP: 2/41 [orc/+0 trident (8)]
  1725 | D:3      | HP: 3/61 [poisoned by an orc wizard]
  1725 | D:3      | Slain by an orc

Levels and vault maps discovered:
D:1:      evilmike_arrival_plus, layout_basic
D:2:      layout_basic, okawaru_altar_gauntlet_db
D:3:      layout_rooms, lemuel_crystal_altar, kennysheep_generic_room_2

Skill      XL: |  1  2  3  4 |
---------------+-------------+-----
Polearms       | 3 4 5 |  5.1
Fighting       | |  3.3
Armour         | |  3.4
Dodging        | |  0.2
Shields        | |  3.7

Action                   |  1- 3 |  4- 6 || total
-------------------------+-------+-------++-------
Melee: Trident           |   154 |    76 ||   230
  Use: Potion            |       |     4 ||     4
  Eat: Chunk             |       |     3 ||     3
Armor: Scale mail        |    59 |    31 ||    90
       Skin              |       |     3 ||     3
Dodge: Dodged            |    62 |    43 ||   105
Block: Shield            |    92 |    60 ||   152
